AoeStats
← 念

MegaRandom

510070530Analyzed
4v4 RM · 4d ago on Sep 29, 2026· 14m 3s· 8 players
Game mode
Random Map
Map size
Large (8 player)
Population
200
Speed
Normal
Resources
Standard
Victory
Conquest
Starting age
Dark Age
Ending age
Imperial Age
RankedLock teamsTeams togetherTeam positionsShared explorationLock speedFull tech treeHidden civsTurbo modeCheats
Victory
Defeat
🇨🇳 Italians · China
1234
+15
🇨🇳 Mongols · China
1204
+16
🇹🇼 Koreans · Taiwan
1171
+18
🇮🇩 Mongols · Indonesia
1154
+18
🇷🇺 Inca · Russia
1246
-18
🇨🇳 Lithuanians · China
1238
-18
🇱🇻 Byzantines · Latvia
1199
-16
🇩🇪 Cumans · Germany
1160
-15
chipchip520
11:58 Feudal Age
13:04 Double-Bit Axe
14:06 Loom
暗恋安联的一切
6:41 Loom
9:00 Feudal Age
9:46 Double-Bit Axe
10:31 Horse Collar
Chelsea Smile
8:30 Feudal Age
9:23 Double-Bit Axe
9:52 Horse Collar
念
8:32 Loom
10:25 Feudal Age
15:26 Castle Age
13:32 Double-Bit Axe
14:10 Stone Mining
Armateur
1:12 Loom
8:43 Loom
11:33 Feudal Age
Duke Of Sudan
10:11 Loom
13:12 Feudal Age
Wolong Qi
8:41 Loom
11:04 Feudal Age
12:30 Town Watch
matiev-82
12:24 Feudal Age
Connection lost

Rejoining the realm…

Still unreachable

The connection could not be restored.

Session expired

The server has moved on; the page needs a fresh start.